 Dungeon Crawl Stone Soup version 0.29.1-15-g9cfb28693d (webtiles) character file.

Game seed: 11356764684759974037

3540 manyhoops the Ruffian (level 10, -5/79 HPs)
             Began as an Octopode Transmuter on Apr 9, 2023.
             Slain by an orc warrior
             ... wielding a +0 battleaxe
              (10 damage)
             ... on level 8 of the Dungeon.
             The game lasted 00:13:49 (9128 turns).

manyhoops the Ruffian (Octopode Transmuter)         Turns: 9128, Time: 00:13:50

Health: -5/79      AC:  9    Str: 20    XL:     10   Next: 8%
Magic:  18/18      EV: 10    Int: 21    God:
Gold:   329        SH:  0    Dex: 13    Spells: 11/19 levels left

rFire   x . .      SeeInvis .     - Unarmed
rCold   + + +      Faith    .   (shield currently unavailable)
rNeg    . . .      Spirit   .   (helmet currently unavailable)
rPois   +          Reflect  .   (no amulet)
rElec   .          Harm     .   h - +6 ring of strength
rCorr   .          Rampage  .   v - +6 ring of intelligence
Will    .....                   (no ring)
Stlth   +.........              (no ring)
HPRegen 0.23/turn               (no ring)
MPRegen 0.16/turn               (no ring)
                                (no ring)
                                (no ring)

@: ice-form, wereblooded, flying
A: freezing attack, boosted hp, almost no armour, amphibious, 8 rings, large,
(camouflage 1), (gelatinous body 1), (nimble swimmer 1), (tentacles)
a: End Transformation


You were on level 8 of the Dungeon.
You were a creature of crystalline ice.
You visited 2 branches of the dungeon, and saw 9 of its levels.

You collected 329 gold pieces.

Inventory:

Missiles
 f - a throwing net
 t - 15 poisoned darts
Magical Staves
 n - a staff of cold
Jewellery
 h - a +6 ring of strength (left front paw)
 v - a +6 ring of intelligence (right front paw)
 y - an amulet of regeneration
Wands
 A - a wand of paralysis (21)
 C - a wand of digging (4)
Scrolls
 b - 3 scrolls of enchant weapon
 c - a scroll of enchant armour
 d - 4 scrolls of vulnerability
 e - 2 scrolls of amnesia
 j - a scroll of blinking {unknown}
 l - 2 scrolls of poison {unknown}
 m - 4 scrolls of identify
 o - a scroll of noise {unknown}
 u - a scroll of immolation {unknown}
 w - a scroll of magic mapping {unknown}
 z - a scroll of summoning {unknown}
Potions
 a - 6 potions of curing
 g - a potion of invisibility {unknown}
 i - a potion of haste {unknown}
 k - a potion of berserk rage {unknown}
 p - a potion of heal wounds {unknown}
 q - a potion of flight
 s - 2 potions of ambrosia {unknown}
 x - 2 potions of brilliance {unknown}
 B - 2 potions of magic {unknown}
 D - a potion of degeneration {unknown}
 E - a potion of lignification


   Skills:
 * Level 5.0 Fighting
 - Level 2.0 Dodging
 + Level 7.9 Unarmed Combat
 - Level 5.4 Spellcasting
 - Level 6.8 Transmutations
 - Level 6.5 Ice Magic


You had 11 spell levels left.
You knew the following spells:

 Your Spells              Type           Power      Damage    Failure   Level
a - Beastly Appendage     Tmut           68%        N/A       1%          1
b - Wereblood             Tmut           34%        N/A       1%          2
c - Ice Form              Ice/Tmut       34%        N/A       6%          4
d - Apportation           Tloc           10%        N/A       11%         1

Your spell library contained the following spells:

 Spells                   Type           Power      Damage    Failure   Level
 Spider Form              Tmut/Pois      20%        N/A       8%          3
 Necrotise                Necr           20%        1d5       11%         1
 Slow                     Hex            20%        N/A       11%         1
 Summon Small Mammal      Summ           20%        N/A       11%         1
 Call Canine Familiar     Summ           5%         N/A       30%         3
 Confusing Touch          Hex            5%         N/A       30%         3
 Gell's Gravitas          Tloc           5%         N/A       30%         3
 Lesser Beckoning         Tloc           5%         N/A       30%         3
 Summon Guardian Golem    Hex/Summ       5%         N/A       30%         3
 Teleport Other           Tloc           5%         N/A       30%         3
 Vampiric Draining        Necr           5%         2d6       30%         3


Dungeon Overview and Level Annotations

Branches:
Dungeon (8/15)             Temple (1/1) D:4
   Lair: D:8-11

Altars:
Ashenzari
Cheibriados
Dithmenos
Elyvilon
Fedhas
Hepliaklqana
Kikubaaqudgha
Nemelex Xobeh
Okawaru
Qazlal
Ru
Sif Muna
Trog
Uskayaw
Vehumet
Wu Jian
Xom
Yredelemnul
Zin
The Shining One

Annotations:
D:5 Grinder
Temple 2 transporters


Innate Abilities, Weirdness & Mutations

You are a creature of crystalline ice.
You have a powerful freezing melee attack.
Your maximum health is increased.
Your armour is entirely melded.
You are incapable of wielding weapons or throwing items.
You cannot wear most types of armour.
You are amphibious.
You can wear up to eight rings at the same time.
((Your skin changes colour to match your surroundings (Stealth+).))
((Your rubbery body absorbs attacks. (AC +1, EV +1)))
((You are camouflaged when in or above water. (Stealth+)))
((You have tentacles for arms and can constrict up to eight enemies at once.))


Message History

The orc warrior hits you with a +0 battleaxe!
You punch the orc warrior! You freeze the orc warrior.
The orc warrior is moderately wounded.
You hit the orc warrior. You freeze the orc warrior.
The orc warrior is heavily wounded.
An orc comes into view. It is wielding a +0 club.
The orc warrior barely misses you.
You barely miss the orc warrior.
The orc warrior is heavily wounded.
The orc shouts!
The orc warrior hits you with a +0 battleaxe!
You are too injured to fight recklessly!
You are too injured to fight recklessly!
You hit the orc warrior but do no damage.
The orc warrior is heavily wounded.
The orc warrior hits you with a +0 battleaxe!
You hit the orc warrior but do no damage.
The orc warrior is heavily wounded.
The orc warrior hits you with a +0 battleaxe.
* * * LOW HITPOINT WARNING * * *
Unknown command.
You barely miss the orc warrior.
The orc warrior is heavily wounded.
The orc warrior hits you with a +0 battleaxe!!
* * * LOW HITPOINT WARNING * * *
Unknown command.
Okay, then.
As you read the scroll of fear, it crumbles to dust.
You assume a fearsome visage.
The orc warrior resists with some effort.
The orc looks frightened! x2; The orc wizard looks frightened!
The orc warrior hits you but does no damage.
The orc wizard casts a spell.
The orc wizard flickers and vanishes!
Deactivating autopickup; reactivate with Ctrl-A.
Okay, then.
You feel very buoyant.
You fly up into the air.
Cornered, the orc turns to fight!
The orc warrior hits you with a +0 battleaxe!
You die...

..# ...# ##{#####
...# #o...o>#
...#
#..###Y###...###
#..##...........
#...............
.....#...........
....###.#.#...#.#
##.. ...#.#...#.#
## #####.#...#.#
#.#...#.#
#.#...#.#


You could see an orc warrior and an orc.

Vanquished Creatures
  Pikel (D:4)
  Psyche (D:8)
  A hornet (D:5)
  A wyvern (D:7)
  A shadow (D:7)
  Duvessa (D:5)
  A sky beast (D:6)
  4 ice beasts
  5 ogres
  2 black bears (D:6)
  A centaur (D:7)
  A phantom (D:3)
  A lemure (D:4)
  A necrophage (D:5)
  A gnoll sergeant (D:6)
  3 scorpions
  Dowan (D:5)
  4 hounds
  An orc priest (D:5)
  2 jellies
  5 iguanas
  3 orc wizards
  9 adders
  8 gnolls
  2 white imps
  A worm (D:4)
  6 dart slugs
  13 orcs
  4 bats
  6 endoplasms
  3 giant cockroaches
  12 goblins
  15 hobgoblins
  8 jackals
  7 kobolds
  4 quokkas
  10 ball pythons
  4 frilled lizards
  7 rats
161 creatures vanquished.

Notes
Turn   | Place    | Note
-------+----------+-------------------------------------------
     0 | D:1      | manyhoops the Octopode Transmuter began the quest for the
                  | Orb.
     0 | D:1      | Reached XP level 1. HP: 13/13 MP: 3/3
   237 | D:1      | You fall into a shaft and drop 1 floor!
   323 | D:2      | Reached XP level 2. HP: 9/18 MP: 3/5
   518 | D:2      | Learned a level 2 spell: Wereblood
   756 | D:1      | Reached XP level 3. HP: 21/24 MP: 4/6
  1036 | D:1      | Reached skill level 4 in Unarmed Combat
  1217 | D:1      | Found a faded altar of an unknown god.
  1737 | D:1      | Reached XP level 4. HP: 21/29 MP: 5/7
  2352 | D:2      | Learned a level 4 spell: Ice Form
  2866 | D:3      | Noticed a phantom
  3186 | D:3      | Reached skill level 5 in Unarmed Combat
  3186 | D:3      | Reached XP level 5. HP: 35/35 MP: 6/8
  4003 | D:4      | Found a staircase to the Ecumenical Temple.
  4142 | D:4      | Reached XP level 6. HP: 34/41 MP: 5/9
  4218 | D:4      | Reached skill level 6 in Unarmed Combat
  4457 | Temple   | Entered the Ecumenical Temple
  4457 | Temple   | Found a transporter.
  4457 | Temple   | Found a transporter.
  4459 | Temple   | Found a transporter.
  4459 | Temple   | Found a transporter.
  4518 | D:5      | Entered Level 5 of the Dungeon
  4602 | D:5      | Noticed a hornet
  4624 | D:5      | Killed a hornet
  4625 | D:5      | Reached XP level 7. HP: 15/46 MP: 10/10
  4975 | D:5      | Found a basalt altar of Yredelemnul.
  4983 | D:5      | Reached skill level 7 in Unarmed Combat
  5016 | D:5      | Reached skill level 1 in Ice Magic
  5244 | D:5      | Noticed Grinder
  5244 | D:5      | Paralysed by Grinder for 3 turns
  5253 | D:5      | Paralysed by Grinder for 3 turns
  5561 | D:5      | Noticed Pikel
  5836 | D:4      | Killed Pikel
  5837 | D:4      | Reached XP level 8. HP: 29/52 MP: 7/11
  6034 | D:5      | Noticed Duvessa
  6034 | D:5      | Noticed Dowan
  6041 | D:5      | Killed Dowan
  6046 | D:5      | Killed Duvessa
  6047 | D:5      | Reached skill level 5 in Ice Magic
  6050 | D:5      | Reached skill level 5 in Transmutations
  6864 | D:6      | Reached XP level 9. HP: 57/57 MP: 8/12
  7368 | D:6      | Learned a level 1 spell: Apportation
  7433 | D:6      | Found a shadowy altar of Dithmenos.
  8263 | D:7      | Found an ornate altar of the Wu Jian Council.
  8325 | D:7      | Reached skill level 5 in Spellcasting
  8836 | D:7      | Reached XP level 10. HP: 65/65 MP: 14/18
  8957 | D:8      | Noticed Psyche
  8963 | D:8      | Paralysed by something for 3 turns
  8972 | D:8      | Killed Psyche
  8973 | D:8      | Reached skill level 5 in Fighting
  9128 | D:8      | Slain by an orc warrior

Illustrated notes

Levels and vault maps discovered:
D:1:      elethiomel_arrival_diamonds, layout_loops_corners,
          hellmonk_ecumenical_altar_zigzags
D:2:      layout_basic
D:3:      cheibrodos_greedy_goblins, layout_rooms, hangedman_glass_teeth,
          minivault_25, hangedman_decor_opposing
D:4:      layout_rooms, minmay_temple_entry_enclosed_plants, minivault_4
D:5:      layout_basic, mainiacjoe_overflow_surrounded_room, uniq_duvessa,
          uniq_pikel, uniq_grinder
D:6:      layout_cave_pools, mainiacjoe_overflow_tiny_flanked, glass_columns_b
D:7:      layout_basic, nicolae_overflow_crystal_walls
D:8:      layout_loops_cross, uniq_psyche
Temple:   hellmonk_temple_divided_pantheon

Skill      XL: |  1  2  3  4  5  6  7  8  9 10 |
---------------+-------------------------------+-----
Unarmed Combat | 4 5 6 7 |  7.9
Fighting       | 2 3 4 5 |  5.0
Ice Magic      | 4 5 6 |  6.5
Transmutations | 4 5 6 |  6.8
Spellcasting   | 5 |  5.4
Dodging        | |  2.0

Action                   |  1- 3 |  4- 6 |  7- 9 | 10-12 || total
-------------------------+-------+-------+-------+-------++-------
Melee: Unarmed           |    75 |   126 |   133 |    20 ||   354
       Constrict         |    19 |    32 |     6 |       ||    57
       Tentacles         |    11 |    16 |     6 |       ||    33
       Kick              |    13 |    23 |    12 |       ||    48
       Punch             |       |     5 |     1 |       ||     6
 Cast: Beastly Appendage |    19 |    39 |    10 |       ||    68
       Wereblood         |     2 |     9 |     6 |     1 ||    18
       Ice Form          |       |       |    22 |     2 ||    24
Evoke: Wand              |       |       |     9 |       ||     9
  Use: Scroll            |       |     4 |     6 |     1 ||    11
       Potion            |       |     4 |       |     1 ||     5
 Stab: Sleeping          |     1 |     7 |       |       ||     8
       Distracted        |     1 |       |       |       ||     1
Armor: Skin              |     8 |    48 |    30 |     8 ||    94
Dodge: Dodged            |    49 |    66 |    52 |     2 ||   169
